 Dungeon Crawl Stone Soup version 0.23.2-1-ga50397a6bc (webtiles) character file.

Game seed: 9539545386879452354

305 Menchi the Shield-Bearer (level 6, -4/51 HPs)
             Began as a Minotaur Fighter on May 19, 2019.
             Slain by an ogre
             ... wielding a +0 giant club
              (5 damage)
             ... on level 4 of the Dungeon.
             The game lasted 00:03:26 (3025 turns).

Menchi the Shield-Bearer (Minotaur Fighter)         Turns: 3025, Time: 00:03:27

Health: -4/51      AC: 10    Str: 21    XL:     6   Next: 16%
Magic:  5/5        EV:  9    Int:  5    God:
Gold:   160        SH:  0    Dex: 11    Spells: 5/5 levels left

rFire    . . .     SeeInvis .   a - +0 war axe
rCold    . . .     Gourm    .   (no shield)
rNeg     . . .     Faith    .   b - +0 scale mail
rPois    .         Spirit   .   (helmet restricted)
rElec    .         Reflect  .   j - +0 cloak
rCorr    .         Harm     .   n - +1 pair of gloves
MR       .....                  (no boots)
Stlth    ..........             g - amulet of magic regeneration
HPRegen  0.17/turn              (no ring)
MPRegen  0.34/turn              (no ring)

@: no status effects
A: retaliatory headbutt, horns 2
a: no special abilities


You were on level 4 of the Dungeon.
You were not hungry.

You visited 1 branch of the dungeon, and saw 4 of its levels.

You collected 160 gold pieces.

Inventory:

Hand Weapons
 a - a +0 war axe (weapon)
Armour
 b - a +0 scale mail (worn)
 c - a +0 shield
 j - a +0 cloak (worn)
 n - a +1 pair of gloves (worn)
Jewellery
 g - an amulet of magic regeneration (around neck)
Scrolls
 e - 3 scrolls of identify
 h - a scroll of fear {unknown}
 k - 2 scrolls of remove curse
 o - a scroll of teleportation
Potions
 d - 2 potions of might
 i - 2 potions of flight
 l - 4 potions of curing
Comestibles
 f - 6 rations
 m - 4 chunks of flesh


   Skills:
 - Level 3.6 Fighting
 + Level 4.8 Axes
 - Level 3.6 Armour
 * Level 7.2 Shields


You had 5 spell levels left.
You didn't know any spells.
Your spell library contained the following spells:

 Spells                   Type           Power        Failure   Level  Hunger
 Animate Skeleton         Necr           N/A          82%         1    ##.....
 Apportation              Tloc           #.....       82%         1    ##.....
 Beastly Appendage        Tmut           #.....       82%         1    ##.....
 Confusing Touch          Hex            #.....       82%         1    ##.....
 Summon Small Mammal      Summ           #...         82%         1    ##.....
 Sticks to Snakes         Tmut           #.......     91%         2    ###....
 Spider Form              Tmut/Pois      #.........   99%         3    ####...
 Ice Form                 Ice/Tmut       #.......     100%        4    #####..
 Blade Hands              Tmut           #.........   100%        5    ######.


Dungeon Overview and Level Annotations

Branches:
Dungeon (4/15)
 Temple: D:4-7

Altars:
Cheibriados
Fedhas
Trog


Innate Abilities, Weirdness & Mutations

You reflexively headbutt those who attack you in melee.
You have a pair of horns on your head.


Message History

k - 2 scrolls of remove curse (gained 1)
You open the door.
An ogre comes into view. It is wielding a +0 giant club.
The ogre shouts!
There is an open door here.
The ogre hits you with a +0 giant club!
You are too injured to fight recklessly!
You are too injured to fight recklessly!
You are too injured to fight recklessly!
You are too injured to fight recklessly!
You are too injured to fight recklessly!
You are too injured to fight recklessly!
You hit the ogre. Your headbutt misses the ogre.
The ogre is lightly wounded.
The ogre hits you with a +0 giant club!!
* * * LOW HITPOINT WARNING * * *
You hit the ogre. You headbutt the ogre!
The ogre is severely wounded.
The ogre hits you with a +0 giant club.
You die...

##....########...
#.............#
#.............#
#............>+
#.............# .#
#.........##'##..#
#.....#####......#
#.....+..........#
#.....#..@.......#
####.....#.O#########
#....#####.. #....#
.... #....+ .....
#####....#####.#
.#..###.....###
.#....'.....#
.#....#.....#


You could see an ogre.

Vanquished Creatures
  Sigmund (D:4)
  Crazy Yiuf (D:3)
  5 adders
  3 oozes
  2 worms (D:3)
  5 leopard geckos
  3 bats
  A giant cockroach (D:3)
  4 goblins
  9 hobgoblins
  A quokka (D:3)
  2 ball pythons
  5 frilled lizards
  10 kobolds
  7 rats
59 creatures vanquished.

Notes
Turn   | Place    | Note
-------+----------+-------------------------------------------
     0 | D:1      | Menchi the Minotaur Fighter began the quest for the Orb.
     0 | D:1      | Reached XP level 1. HP: 19/19 MP: 0/0
   188 | D:1      | Reached skill level 4 in Shields
   223 | D:1      | Reached XP level 2. HP: 26/26 MP: 1/1
   791 | D:2      | Reached XP level 3. HP: 27/31 MP: 2/2
  1026 | D:2      | Reached skill level 5 in Shields
  1124 | D:2      | Found a bloodstained altar of Trog.
  1353 | D:2      | Reached XP level 4. HP: 37/39 MP: 3/3
  1964 | D:3      | Found a snail-covered altar of Cheibriados.
  2610 | D:3      | Found a runed translucent door.
  2611 | D:3      | Noticed Crazy Yiuf
  2617 | D:3      | Killed Crazy Yiuf
  2617 | D:3      | Reached skill level 6 in Shields
  2617 | D:3      | Reached XP level 5. HP: 35/45 MP: 4/4
  2832 | D:4      | Found a blossoming altar of Fedhas.
  2953 | D:4      | Noticed Sigmund
  2964 | D:4      | Killed Sigmund
  2964 | D:4      | Reached skill level 7 in Shields
  2964 | D:4      | Reached XP level 6. HP: 31/51 MP: 5/5
  3024 | D:4      | HP: 1/51 [ogre/+0 giant club (24)]
  3025 | D:4      | Slain by an ogre

Skill      XL: |  1  2  3  4  5 |
---------------+----------------+-----
Shields        | 4 5 6 7 |  7.2
Axes           | 3 4 |  4.8
Fighting       | |  3.6
Armour         | |  3.6

Action                   |  1- 3 |  4- 6 || total
-------------------------+-------+-------++-------
Melee: War axe           |    67 |    67 ||   134
       Headbutt          |    11 |     7 ||    18
  Use: Scroll            |       |     6 ||     6
  Eat: Chunk             |     1 |     3 ||     4
       Ration            |       |     1 ||     1
Armor: Scale mail        |    35 |    35 ||    70
Dodge: Dodged            |    36 |    32 ||    68
